 Dungeon Crawl Stone Soup version 0.29-a0-11-ga75d3d97ab (webtiles) character file.

Game seed: 5708751518271071184

2315 testman the Fighter (level 9, -1/71 HPs)
             Began as a Djinni Hedge Wizard on Jan 28, 2022.
             Was an Initiate of Makhleb.
             Slain by an unseen horror (9 damage)
             ... on level 7 of the Dungeon.
             The game lasted 00:33:05 (9576 turns).

testman the Fighter (Djinni Hedge Wizard)           Turns: 9576, Time: 00:33:06

Health: -1/71      AC:  2    Str:  9    XL:     9   Next: 68%
Gold:   341        EV: 12    Int: 20    God:    Makhleb [......] SH:  0 Dex: 13

rFire   + + .      SeeInvis .   u - +6 dagger (speed)
rCold   x . .      Faith    .   (no shield)
rNeg    . . .      Spirit   .   b - +0 robe
rPois   ∞          Reflect  .   c - +0 hat
rElec   .          Harm     .   (no cloak)
rCorr   .          Rampage  .   (no gloves)
Will    .....                   (boots unavailable)
Stlth   ++........              (no amulet)
HPRegen 0.21/turn               r - +4 ring of slaying
MPRegen 0.00/turn               (no ring)

@: flying
A: sickness immunity, fire resistance 2, cold vulnerability 1, float, innate
caster, hp casting, extra vitality 1
a: Renounce Religion


You were on level 7 of the Dungeon.
You worshipped Makhleb.
Makhleb was noncommittal.
You visited 2 branches of the dungeon, and saw 8 of its levels.

You collected 341 gold pieces.

Inventory:

Hand Weapons
 a - a +0 dagger
 p - a +0 hunting sling
 u - a +6 dagger of speed (weapon)
Missiles
 f - 152 stones
 g - 2 boomerangs
 k - 7 poisoned darts
 q - 17 sling bullets
 w - 6 datura-tipped darts
Armour
 b - a +0 robe (worn)
 c - a +0 hat (worn)
Jewellery
 r - a +4 ring of slaying (left hand)
Wands
 x - a wand of polymorph (9)
 y - a wand of paralysis (6)
Scrolls
 e - 8 scrolls of identify {unknown}
 h - 2 scrolls of vulnerability {unknown}
 m - 2 scrolls of noise {unknown}
 s - 2 scrolls of teleportation {unknown}
 z - a scroll of acquirement {unknown}
 A - a scroll of enchant weapon {unknown}
 B - 2 scrolls of holy word {unknown}
Potions
 d - 3 potions of lignification {unknown}
 i - 5 potions of heal wounds {unknown}
 j - 4 potions of curing {unknown}
 l - 2 potions of invisibility {unknown}
 n - 2 potions of might {unknown}
 o - a potion of mutation {unknown}
 t - a potion of berserk rage {unknown}
 v - a potion of magic {unknown}
 C - 2 potions of degeneration {unknown}


   Skills:
 + Level 8.6 Fighting
 - Level 2.1 Dodging
 - Level 1.5 Stealth
 + Level 7.1 Spellcasting


You couldn't memorise any spells.
You knew the following spells:

 Your Spells              Type           Power      Damage    Failure   Level
a - Magic Dart            Conj           100%       1d8       1%          1
b - Blink                 Tloc           70%        N/A       1%          2
c - Call Imp              Summ           35%        N/A       1%          2
d - Slow                  Hex            100%       N/A       1%          1
e - Conjure Flame         Conj/Fire      35%        6-21      1%          3
f - Mephitic Cloud        Conj/Pois/Air  35%        N/A       1%          3
g - Sting                 Tmut/Pois      100%       1d8       1%          1
h - Poisonous Vapours     Pois/Air       70%        N/A       1%          2
i - Gell's Gravitas       Tloc           35%        N/A       1%          3
j - Leda's Liquefaction   Hex/Erth       17%        N/A       4%          4
Your spell library was empty.

Dungeon Overview and Level Annotations

Branches:
Dungeon (7/15)             Temple (1/1) D:5

Altars:
Ashenzari
Cheibriados
Dithmenos
Elyvilon
Fedhas
Gozag
Hepliaklqana
Kikubaaqudgha
Makhleb
Nemelex Xobeh
Okawaru
Qazlal
Ru
Sif Muna
Trog
Uskayaw
Vehumet
Wu Jian
Xom
Yredelemnul
Zin
The Shining One

Annotations:
D:4 2 transporters, PezBoy's ghost, amateur MiFi


Innate Abilities, Weirdness & Mutations

You are immune to sickness and miasma.
You are immune to poison.
Your flesh is very heat resistant. (rF++)
You are vulnerable to cold. (rC-)
You float through the air rather than walking.
You learn spells naturally, not from books.
Your magical power is your life essence.
You have superior vitality. (+4 MHP)


Message History

You punch the bullfrog zombie, but do no damage.
The bullfrog zombie is almost destroyed.
You hit the bullfrog zombie.
You destroy the bullfrog zombie!
Makhleb accepts your kill.
Deactivating autopickup; reactivate with Ctrl-A.
You hit something. Something hits you! x2
You barely miss something. Something hits you but does no damage.
You hit something. Something completely misses you. Something hits you.
You hit something. Something hits you!
Casting: Sting (safe; 1% risk of failure)
Confirm with . or Enter, or press ? or * to list all spells.
Aiming: Sting (safe; 1% risk of failure)
Press: ? - help, Shift-Dir - straight line Something hits you!
Something hits you.
* * * LOW HITPOINT WARNING * * *
Casting: Sting (safe; 1% risk of failure)
Confirm with . or Enter, or press ? or * to list all spells.
Aiming: Sting (safe; 1% risk of failure)
Press: ? - help, Shift-Dir - straight line The sting hits something!
* * * LOW HITPOINT WARNING * * *
Something hits you.
* * * LOW HITPOINT WARNING * * *
Casting: Sting (safe; 1% risk of failure)
Confirm with . or Enter, or press ? or * to list all spells.
Aiming: Sting (safe; 1% risk of failure)
Press: ? - help, Shift-Dir - straight line The sting hits something!
* * * LOW HITPOINT WARNING * * *
Something hits you.
* * * LOW HITPOINT WARNING * * *
Casting: Sting (safe; 1% risk of failure)
Confirm with . or Enter, or press ? or * to list all spells.
Aiming: Sting (safe; 1% risk of failure)
Press: ? - help, Shift-Dir - straight line The sting hits something.
* * * LOW HITPOINT WARNING * * *
Something hits you!
You die...

########.....#...#..
#......#[....'...#..
#......#.....#...#..
#......#.....#...###
#......#.....#......
##......#.....#......
#..###..#.....#......
#...#.......#......
#.@###......#......
#.#†#.#.....#+#####
..# #:###....# #.#
#.#.#.#...# #. ..#
#.. ...# . #.#
#.#...# #. .# #....#
#.


There were no monsters in sight!

Vanquished Creatures
  Prince Ribbit (D:5)
  A steam dragon (D:6)
  Menkaure (D:5)
  A water moccasin (D:7)
  Duvessa (D:4)
  2 ice beasts (D:7)
  A necrophage (D:7)
  A black bear (D:5)
  A hornet zombie (D:7)
  An ogre (D:6)
  A centaur (D:7)
  3 phantoms
  A bullfrog (D:7)
  Dowan (D:4)
  2 howler monkeys
  2 bullfrog zombies
  A hound (D:6)
  A centaur skeleton (D:7)
  3 orc priests
  2 bullfrog skeletons
  A jelly (D:4)
  3 iguanas
  3 killer bee zombies
  A hound skeleton (D:4)
  A howler monkey zombie (D:6)
  4 gnolls (D:4)
  6 adders
  2 shadow imps
  2 white imps
  3 orcs
  5 endoplasms
  2 giant cockroaches
  5 goblins
  6 hobgoblins
  5 quokkas
  4 ball pythons
  3 bats
  3 frilled lizards
  7 kobolds
  7 rats
101 creatures vanquished.

Vanquished Creatures (others)
  An orc (D:6)
  6 plants (D:4)
7 creatures vanquished.

Grand Total: 108 creatures vanquished

Notes
Turn   | Place    | Note
-------+----------+-------------------------------------------
     0 | D:1      | testman the Djinni Hedge Wizard began the quest for the
                  | Orb.
     0 | D:1      | Reached XP level 1. HP: 15/15 MP: 0/0
   263 | D:1      | Found a faded altar of an unknown god.
   372 | D:1      | Reached skill level 1 in Fighting
   372 | D:1      | Reached XP level 2. HP: 15/22 MP: 0/0
  1019 | D:1      | Reached XP level 3. HP: 25/27 MP: 0/0
  1019 | D:1      | Learned a level 1 spell: Sting
  1550 | D:2      | Reached skill level 2 in Fighting
  2047 | D:3      | Reached XP level 4. HP: 30/33 MP: 0/0
  2903 | D:4      | Reached XP level 5. HP: 35/40 MP: 0/0
  2903 | D:4      | Learned a level 2 spell: Poisonous Vapours
  3011 | D:4      | Reached skill level 3 in Fighting
  3564 | D:4      | Noticed Dowan
  3579 | D:4      | Killed Dowan
  3580 | D:4      | Reached XP level 6. HP: 37/46 MP: 0/0
  3705 | D:4      | Noticed Duvessa
  3721 | D:4      | Killed Duvessa
  3722 | D:4      | Reached skill level 4 in Fighting
  3871 | D:4      | Found a transporter.
  3884 | D:4      | Noticed PezBoy's ghost (amateur MiFi)
  3924 | D:4      | Found a transporter.
  4128 | D:5      | Entered Level 5 of the Dungeon
  4150 | D:5      | Noticed Menkaure
  4186 | D:5      | Killed Menkaure
  4187 | D:5      | Reached XP level 7. HP: 38/53 MP: 0/0
  4187 | D:5      | Learned a level 3 spell: Gell's Gravitas
  4847 | D:5      | Noticed Prince Ribbit
  4851 | D:5      | Reached skill level 5 in Fighting
  4866 | D:5      | Killed Prince Ribbit
  4867 | D:5      | Reached skill level 5 in Spellcasting
  4867 | D:5      | Reached XP level 8. HP: 23/61 MP: 0/0
  5213 | D:5      | Found a staircase to the Ecumenical Temple.
  5222 | Temple   | Entered the Ecumenical Temple
  5325 | Temple   | Became a worshipper of Makhleb the Destroyer
  6233 | D:5      | Reached skill level 6 in Fighting
  7332 | D:6      | Reached skill level 7 in Fighting
  7503 | D:6      | Reached XP level 9. HP: 53/68 MP: 0/0
  7503 | D:6      | Learned a level 4 spell: Leda's Liquefaction
  8555 | D:7      | Reached skill level 8 in Fighting
  9525 | D:7      | Found a bloodstained altar of Trog.
  9576 | D:7      | Slain by an unseen horror

Illustrated notes

Levels and vault maps discovered:
D:1:      ncdulo_watergridlock, layout_basic, hellmonk_ecumenical_altar_zigzags
D:2:      layout_rooms
D:3:      layout_loops_ring
D:4:      layout_loops_cross, gammafunk_ghost_gnarly_gnolls, uniq_duvessa
D:5:      layout_loops_corners, temple_fountains, st_stairs_2, uniq_menkaure,
          uniq_prince_ribbit1
D:6:      layout_basic
D:7:      layout_gridville, kennysheep_little_box, minmay_manual_mail
Temple:   nicolae_temple_the_god_donut

Skill      XL: |  1  2  3  4  5  6  7  8  9 |
---------------+----------------------------+-----
Fighting       | 1 2 3 4 5 7 8 |  8.6
Spellcasting   | 3 4 5 6 7 |  7.1
Dodging        | |  2.1
Stealth        | |  1.5

Action                   |  1- 3 |  4- 6 |  7- 9 || total
-------------------------+-------+-------+-------++-------
Melee: Dagger            |    11 |    22 |   144 ||   177
       Punch             |       |       |     2 ||     2
Throw: Boomerang         |       |     9 |       ||     9
       Stone             |       |       |     1 ||     1
 Cast: Magic Dart        |    73 |    29 |    75 ||   177
       Sting             |     8 |    12 |    28 ||    48
       Conjure Flame     |       |     7 |     4 ||    11
       Poisonous Vapours |       |    16 |    27 ||    43
       Mephitic Cloud    |       |     1 |     3 ||     4
       Blink             |       |     1 |       ||     1
       Gell's Gravitas   |       |       |     5 ||     5
       Call Imp          |       |       |     1 ||     1
 Stab: Sleeping          |     1 |       |     1 ||     2
Armor: Robe              |     2 |     3 |    10 ||    15
Dodge: Dodged            |    11 |    11 |    59 ||    81

Table legend: (Time is in decaauts)
 A = Elapsed time spent in this place.
 B = Non-inter-level travel time spent in this place.
 C = Inter-level travel time spent in this place.
 D = Time resting spent in this place.
 E = Time spent auto-exploring this place.
 F = Levels seen in this place.
 G = Mean time per level.
                   A        B        C        D        E       F      G
               +--------+--------+--------+--------+--------+-----+--------+
         Total |   9527 |   9321 |    206 |   3129 |   5327 |   8 | 1190.9 |
       Dungeon |   8850 |   8683 |    167 |   3129 |   4716 |   7 | 1264.3 |
        Temple |    676 |    637 |     39 |      0 |    611 |   1 |  676.0 |
               +--------+--------+--------+--------+--------+-----+--------+

Top non-repeatable levels by time:
     D:5: 1934 daAuts
     D:6: 1554 daAuts
     D:4: 1349 daAuts
     D:7: 1234 daAuts
     D:1: 1154 daAuts
     D:3: 961 daAuts
  Temple: 676 daAuts
     D:2: 662 daAuts
